 Dungeon Crawl Stone Soup version 0.29-a0-284-gf9362112df (webtiles) character file.

Game seed: 11263080667310936676

42 siradein the Grave Robber (level 3, -2/25 HPs)
             Began as a Demonspawn Necromancer on Mar 29, 2022.
             Slain by an adder (4 damage)
             ... on level 2 of the Dungeon.
             The game lasted 00:01:38 (1555 turns).

siradein the Grave Robber (Demonspawn Necromancer)  Turns: 1555, Time: 00:01:39

Health: -2/25      AC:  2    Str:  8    XL:     3   Next: 35%
Magic:  0/6        EV: 12    Int: 18    God:
Gold:   66         SH:  0    Dex: 13    Spells: 2/6 levels left

rFire   + . .      SeeInvis .   e - +0 whip
rCold   . . .      Faith    .   (no shield)
rNeg    . . .      Spirit   .   a - +0 robe
rPois   .          Reflect  .   (no helmet)
rElec   .          Harm     .   (no cloak)
rCorr   .          Rampage  .   (no gloves)
Will    .....                   (no boots)
Stlth   ++........              (no amulet)
HPRegen 0.08/turn               i - ring of protection from fire
MPRegen 0.10/turn               (no ring)

@: lethally poisoned (-2 -> -6)
A: hooves 1
a: no special abilities


You were on level 2 of the Dungeon.
You visited 1 branch of the dungeon, and saw 2 of its levels.

You collected 66 gold pieces.

Inventory:

Hand Weapons
 e - a +0 whip (weapon)
Armour
 a - a +0 robe (worn)
Jewellery
 i - a ring of protection from fire (left hand)
Scrolls
 d - 3 scrolls of identify {unknown}
 g - a scroll of magic mapping {unknown}
 h - 2 scrolls of enchant armour {unknown}
Potions
 b - a potion of magic
 c - a potion of haste {unknown}
 f - a potion of attraction {unknown}
 j - 2 potions of curing {unknown}


   Skills:
 + Level 0.9 Fighting
 + Level 0.8 Maces & Flails
 + Level 2.1 Dodging
 - Level 1.7 Stealth
 + Level 2.3 Spellcasting
 * Level 4.8 Necromancy


You had 2 spell levels left.
You knew the following spells:

 Your Spells              Type           Power      Damage    Failure   Level
a - Pain                  Necr           76%        1d7       2%          1
b - Vampiric Draining     Necr           19%        2d7       7%          3

Your spell library contained the following spells:

 Spells                   Type           Power      Damage    Failure   Level
 Animate Skeleton         Necr           38%        N/A       2%          1
 Animate Dead             Necr           9%         N/A       24%         4
 Agony                    Necr           19%        N/A       54%         5


Dungeon Overview and Level Annotations

Branches:
Dungeon (2/15)

Altars:


Innate Abilities, Weirdness & Mutations

You have large cloven feet.


Message History

The adder poisons you!
The adder writhes in agony.
You feel sick. The adder barely misses you.
An adder is nearby!
An adder is nearby!
You closely miss the adder.
The adder is severely wounded.
You feel sick. The adder barely misses you. The adder misses you.
You closely miss the adder.
The adder is severely wounded.
You feel sick. The adder barely misses you.
You miss the adder.
The adder is severely wounded.
You feel sick. The adder barely misses you. x2
An adder is nearby!
You are too injured to fight recklessly!
Casting: Pain (safe; 2% risk of failure)
Confirm with . or Enter, or press ? or * to list all spells.
Aiming: Pain (safe; 2% risk of failure)
Press: ? - help, Shift-Dir - straight line, f/p - adder
Aim: an adder (severely wounded, chance to affect: 84%)
The adder writhes in agony.
You feel sick. The adder bites you.
* * * LOW HITPOINT WARNING * * *
You are lethally poisoned!
The adder poisons you!
There is a lethal amount of poison in your body!
Unknown command.
You miss the adder. You kick the adder, but do no damage.
Your punch misses the adder.
The adder is almost dead.
* * * LOW HITPOINT WARNING * * *
You feel sick. The adder bites you but does no damage.
Casting: Pain (safe; 2% risk of failure)
Confirm with . or Enter, or press ? or * to list all spells.
Aiming: Pain (safe; 2% risk of failure)
Press: ? - help, Shift-Dir - straight line, f/p - adder
Aim: an adder (almost dead, chance to affect: 84%)
The adder barely resists.
* * * LOW HITPOINT WARNING * * *
You feel sick. The adder barely misses you. The adder bites you.
You die...

### # #.. .
##.##.#
###...#. ......
#...
#S#############
#@............#
#############.#
#.# #.# #.# #.#
. #.# . #.# #
#.# #


You could see an adder.

Vanquished Creatures
  2 adders (D:2)
  A worm (D:2)
  A dart slug (D:1)
  2 endoplasms (D:1)
  A giant cockroach (D:1)
  3 jackals (D:2)
  3 ball pythons
  3 frilled lizards
  2 kobolds (D:1)
  3 rats
21 creatures vanquished.

Notes
Turn   | Place    | Note
-------+----------+-------------------------------------------
     0 | D:1      | siradein the Demonspawn Necromancer began the quest for the
                  | Orb.
     0 | D:1      | Reached XP level 1. HP: 13/13 MP: 3/3
   105 | D:1      | Found a faded altar of an unknown god.
   271 | D:1      | Gained mutation: You have large cloven feet. [demonic
                  | ancestry]
   271 | D:1      | Reached XP level 2. HP: 12/20 MP: 1/5
  1040 | D:2      | Reached XP level 3. HP: 2/25 MP: 0/6
  1330 | D:2      | Learned a level 3 spell: Vampiric Draining
  1555 | D:2      | Slain by an adder

Illustrated notes

Levels and vault maps discovered:
D:1:      dpeg_arrival_arbitrary_c, layout_loops_ring,
          shapermc_ecumenical_altar_mp_urbaneastern, minivault_4
D:2:      layout_loops_ring, basic_altar, uniq_crazy_yiuf_cottage, uniq_terence

Skill      XL: |  1  2 |
---------------+-------+-----
Dodging        | 2 |  2.1
Fighting       | |  0.9
Maces & Flails | |  0.8
Stealth        | |  1.7
Spellcasting   | |  2.3
Necromancy     | |  4.8

Action                   || total
-------------------------++-------
Melee: Whip              ||    25
       Kick              ||     5
       Punch             ||     2
 Cast: Pain              ||    41
Armor: Robe              ||    10
Dodge: Dodged            ||    25

Table legend: (Time is in decaauts)
 A = Elapsed time spent in this place.
 B = Non-inter-level travel time spent in this place.
 C = Inter-level travel time spent in this place.
 D = Time resting spent in this place.
 E = Time spent auto-exploring this place.
 F = Levels seen in this place.
 G = Mean time per level.
                   A        B        C        D        E       F      G
               +--------+--------+--------+--------+--------+-----+--------+
         Total |   1556 |   1532 |     24 |    285 |   1080 |   2 |  778.0 |
       Dungeon |   1556 |   1532 |     24 |    285 |   1080 |   2 |  778.0 |
               +--------+--------+--------+--------+--------+-----+--------+

Top non-repeatable levels by time:
     D:1: 990 daAuts
     D:2: 565 daAuts
